Map: Flashback EE

Players

MrFercho - Winner!

  • Race: Zerg Zerg
  • League: Silver
  • Spawn Location: 11:00

TATORREA - Winner!

  • Race: Protoss Protoss
  • League: Silver
  • Spawn Location: 9:00

tigro - Winner!

  • Race: Terran Terran
  • League: Bronze
  • Spawn Location: 11:00

maykol

  • Race: Zerg Zerg
  • League: Bronze
  • Spawn Location: 7:00

Rafavg

  • Race: Terran Terran
  • Spawn Location: 7:00

ApoEXE

  • Race: Zerg Zerg
  • Spawn Location: 7:00

VOD

Have the link to the VOD?

Description

Time

  • Played on: June 16, 2020, 10:16 p.m.
  • Length: 14:12
Show
View Real Time Build Order
Export as new Build Order

MrFercho Zerg - Winner!

Build Orders: Hatch First 

Get SALT Encoding   

  12  0:02  Drone  
  13  0:21  Overlord  
  13  0:24  Drone  
  14  0:46  Drone  
  15  0:51  Hatchery, Drone  
  15  1:01  Drone x2  
  17  1:18  Spawning Pool, Drone  
  18  1:25  Drone  
  18  1:30  Drone  
  19  1:34  Extractor  
  18  1:41  Drone  
  19  1:52  Drone  
  20  2:02  Drone  
  20  2:03  Drone  
  22  2:09  Queen x2  
  22  2:13  Overlord  
  26  2:16  Overlord  
  26  2:44  Drone  
  26  2:45  Drone x3  
  26  2:48  Lair  
  30  2:51  Queen  
  30  2:55  Extractor, Drone x2  
  30  2:56  Drone  
  30  2:58  Drone  
  35  3:15  Drone x2  
  35  3:17  Drone  
  38  3:23  Extractor, Drone  
  38  3:24  Drone x6  
  44  3:34  Extractor  
  43  3:55  Spire  
  42  4:03  Drone x2  
  42  4:06  Overlord x3  
  44  4:14  Hatchery  
  43  4:18  Overlord  
  43  4:27  Drone x6  
  49  4:51  Drone  
  50  4:58  Metabolic Boost  
  50  5:07  Evolution Chamber  
  50  5:08  Evolution Chamber  
  48  5:23  Drone  
  48  5:24  Drone  
  50  5:35  Hatchery  
  50  5:36  Hatchery x2  
  47  6:11  Mutalisk  
  47  6:12  Mutalisk x10  
  47  6:17  Hatchery  
  47  6:18  Hatchery  
  67  6:21  Hatchery, Spore Crawler  
  67  6:24  Spore Crawler  
  64  6:28  Spore Crawler  
  64  6:31  Drone x2  
  65  6:39  Mutalisk x4  
  65  6:40  Mutalisk  
  65  6:44  Zerg Flyer Weapons Level 1  
  75  7:00  Mutalisk x2  
  79  7:05  Drone x9  
  79  7:06  Drone  
  89  7:35  Hydralisk Den, Mutalisk x3  
  94  7:50  Drone x12  
  94  7:51  Drone x4  
  110  8:00  Extractor x2  
  108  8:07  Overlord x5  
  108  8:08  Extractor  
  108  8:11  Extractor  
  106  8:14  Extractor x2  
  104  8:26  Mutalisk x5  
  114  8:30  Drone x4  
  118  8:58  Drone x10  
  118  8:59  Drone x2  
  118  9:00  Drone x7  
  118  9:01  Drone x3  
  140  9:21  Mutalisk  
  142  9:27  Overlord x3  
  142  9:28  Overlord x4  
  142  9:52  Mutalisk  
  142  9:53  Mutalisk x9  
  162  10:17  Hatchery  
  162  10:20  Mutalisk  
  162  10:21  Mutalisk x7  
  163  10:22  Mutalisk  
  179  10:41  Zerg Flyer Weapons Level 2  
  159  11:43  Mutalisk  
  159  11:44  Mutalisk x17  
  185  11:48  Mutalisk  
  185  11:49  Mutalisk x6  
  165  12:35  Mutalisk x9  
  165  12:36  Mutalisk x3  
  187  12:40  Mutalisk  
Show
View Real Time Build Order
Export as new Build Order

TATORREA Protoss - Winner!

Build Orders:  

Get SALT Encoding   

  12  0:02  Probe  
  14  0:14  Probe  
  14  0:27  Probe  
  15  0:32  Pylon  
  15  0:50  Probe  
  15  0:55  Gateway  
  16  0:58  Gateway  
  16  1:02  Probe  
  17  1:14  Probe  
  18  1:19  Assimilator  
  18  1:23  Probe  
  18  1:24  Pylon  
  18  1:31  Probe  
  20  1:40  Probe  
  21  1:49  Probe  
  21  1:50  Cybernetics Core  
  22  1:54  Assimilator  
  22  1:56  Pylon  
  22  1:58  Probe  
  22  2:07  Probe  
  24  2:19  Probe  
  25  2:23  Nexus  
  25  2:32  Pylon  
  25  2:33  Probe  
  25  2:36  Warp Gate  
  26  2:44  Stalker  
  26  2:46  Probe  
  29  2:59  Probe  
  30  3:07  Stalker, Probe  
  33  3:14  Stalker  
  33  3:16  Probe  
  36  3:28  Probe  
  37  3:37  Probe  
  37  3:40  Probe  
  39  3:46  Nexus  
  39  3:50  Probe  
  39  3:54  Pylon  
  39  3:55  Probe  
  41  4:02  Probe  
  42  4:07  Probe  
  43  4:10  Robotics Facility  
  43  4:14  Probe  
  43  4:15  Assimilator  
  44  4:19  Probe  
  44  4:22  Assimilator  
  44  4:23  Probe  
  45  4:27  Probe  
  46  4:31  Probe  
  46  4:35  Stalker, Probe  
  46  4:37  Stalker  
  52  4:40  Probe  
  54  4:46  Probe  
  54  4:52  Probe  
  56  4:58  Probe  
  56  4:59  Probe  
  58  5:04  Probe  
  59  5:10  Probe  
  59  5:11  Probe  
  59  5:12  Pylon  
  61  5:15  Stalker x2  
  61  5:16  Pylon, Probe  
  61  5:18  Pylon  
  61  5:21  Immortal  
  70  5:22  Probe  
  70  5:23  Probe  
  70  5:24  Pylon  
  72  5:28  Probe  
  72  5:34  Assimilator, Probe  
  74  5:35  Probe  
  74  5:38  Assimilator  
  74  5:41  Probe  
  76  5:43  Stalker  
  76  5:44  Stalker  
  76  5:46  Probe  
  76  5:48  Probe  
  82  5:53  Gateway  
  82  5:55  Gateway, Probe  
  83  5:57  Gateway  
  83  5:58  Probe  
  83  6:02  Probe  
  85  6:07  Probe  
  85  6:10  Probe  
  87  6:14  Probe  
  88  6:25  Probe x2, Nexus  
  90  6:26  Probe  
  90  6:28  Pylon  
  92  6:40  Probe x3  
  94  6:52  Probe x3  
  97  6:55  Gateway  
  97  6:58  Gateway x2  
  97  7:01  Gateway x2  
  97  7:03  Gateway  
  97  7:04  Probe x3  
  97  7:06  Forge  
  97  7:07  Forge  
  97  7:08  Forge  
  100  7:15  Twilight Council  
  100  7:16  Probe x3  
  103  7:28  Stalker x2  
  103  7:29  Stalker x3  
  113  7:35  Pylon  
  113  7:38  Pylon  
  113  7:39  Immortal  
  113  7:40  Pylon  
  117  7:44  Probe  
  117  7:49  Pylon  
  118  7:54  Stalker x3  
  118  7:55  Stalker x3  
  118  7:56  Stalker x2  
  118  7:57  Pylon  
  134  8:00  Pylon  
  134  8:03  Assimilator  
  134  8:06  Assimilator  
  134  8:19  Stalker  
  136  8:20  Stalker x3  
  136  8:21  Stalker x3  
  136  8:23  Nexus  
  136  8:24  Pylon  
  148  8:52  Stalker  
  148  8:53  Stalker x4  
  148  8:54  Stalker x4  
  148  8:55  Protoss Ground Armor Level 1, Stalker, Pylon, Protoss Ground Weapons Level 1, Protoss Shields Level 1  
  168  8:56  Stalker  
  168  8:58  Pylon  
  168  9:00  Immortal  
  168  9:02  Pylon  
  174  9:17  Templar Archives  
  174  10:01  High Templar  
  174  10:02  High Templar x5  
  174  10:03  High Templar x4  
  174  10:04  High Templar  
  196  10:12  Archon x2  
  196  10:13  Archon x3  
  174  11:09  High Templar x3  
  174  11:10  High Templar x6  
  174  11:11  High Templar x2  
  192  11:21  Gateway  
  192  11:23  Archon  
  192  11:24  Gateway, Archon x3  
  192  11:25  Archon  
  192  11:26  Gateway x2  
  192  11:29  Gateway  
  192  11:30  Gateway  
  192  11:34  Gateway  
  190  11:43  Archon  
  144  11:54  Stalker  
  144  11:55  Stalker x4  
  144  11:56  Stalker x4  
  144  11:57  Stalker x2  
  158  12:15  Immortal  
  150  12:36  High Templar x4  
  158  12:37  High Templar x4  
  158  12:38  High Templar x2  
  158  12:43  Stalker  
  172  12:44  Stalker x2  
  172  12:45  Stalker  
  172  12:48  Archon x2  
  172  12:49  Archon x2  
  172  12:51  Archon  
  178  13:02  Stalker x4  
  186  13:06  Immortal  
  190  13:25  Stalker x2  
  190  13:26  Stalker x3  
  200  13:39  Nexus  
  200  13:43  Pylon  
  198  14:07  Assimilator  
  198  14:09  Assimilator  
Show
View Real Time Build Order
Export as new Build Order

tigro Terran - Winner!

Build Orders:  

Get SALT Encoding   

  12  0:02  SCV  
  13  0:14  SCV  
  14  0:25  Supply Depot  
  14  0:26  SCV  
  15  0:37  Refinery  
  15  0:46  SCV  
  16  0:52  Barracks  
  16  0:58  SCV  
  16  1:01  Refinery  
  17  1:15  SCV  
  18  1:33  SCV  
  19  1:41  Supply Depot  
  19  1:51  Marine  
  20  1:57  SCV  
  21  2:05  Supply Depot  
  21  2:09  Marine  
  21  2:15  Barracks  
  22  2:16  SCV  
  23  2:27  Marine  
  23  2:28  Supply Depot, SCV  
  25  2:42  SCV  
  26  2:45  Marine  
  27  2:54  SCV  
  28  3:02  Marine  
  28  3:03  Factory  
  29  3:06  Barracks Tech Lab  
  29  3:10  Orbital Command  
  29  3:17  Engineering Bay  
  29  3:25  Barracks Tech Lab  
  29  3:53  Factory Tech Lab  
  29  4:14  Command Center  
  29  4:19  Starport  
  29  4:26  Combat Shield  
  29  4:28  Stimpack  
  29  4:46  Terran Infantry Weapons Level 1  
  29  4:57  Starport  
  29  5:18  Medivac  
  31  5:28  Refinery  
  31  5:43  Armory  
  31  5:44  Concussive Shells  
  31  6:01  Marine x2  
  33  6:07  Siege Tank  
  33  6:09  Starport Tech Lab  
  36  6:11  Starport Tech Lab  
  36  6:19  Marine x2  
  36  6:21  SCV  
  39  6:33  SCV  
  39  6:37  Marine x2  
  42  6:40  Terran Infantry Armor Level 1  
  42  6:45  SCV  
  43  6:54  Marine  
  43  6:55  Marine  
  43  6:57  SCV  
  43  6:58  Fusion Core  
  43  6:59  Missile Turret  
  46  7:09  SCV  
  46  7:11  Supply Depot  
  46  7:12  Marine  
  46  7:13  Marine  
  49  7:20  Refinery  
  49  7:26  Missile Turret  
  49  7:34  Siege Tank  
  49  7:35  Supply Depot  
  49  7:36  Marine x2  
  54  7:47  Missile Turret  
  54  7:52  Weapon Refit  
  54  7:54  Marine x2  
  56  8:06  Siege Tank  
  56  8:10  Planetary Fortress  
  56  8:12  Marine  
  60  8:34  Neosteel Armor  
  60  8:44  Missile Turret  
  60  9:16  Missile Turret  
  60  9:20  Battlecruiser  
  60  9:23  Battlecruiser  
  72  9:28  Marine  
  72  9:29  Marine  
  74  9:32  Rapid Reignition System  
  74  9:43  Missile Turret  
  74  9:46  Marine x2  
  76  10:04  Marine x2  
  78  10:07  Missile Turret  
  78  10:14  Hi-Sec Auto Tracking  
  78  10:22  Marine x2  
  78  10:24  Medivac  
  78  10:26  SCV  
  78  10:27  Battlecruiser  
  78  10:28  Missile Turret  
  89  10:38  SCV  
  89  10:40  Marine  
  91  10:51  SCV  
  92  11:02  Missile Turret  
  92  11:03  SCV  
  91  11:15  SCV  
  92  11:27  Missile Turret  
  92  11:28  Marine x2  
  89  11:46  Marine x2  
  70  11:50  Missile Turret  
  66  12:03  Marine  
  66  12:04  Marine  
  66  12:10  Missile Turret  
  65  12:21  Marine  
  65  12:22  Marine  
  67  12:39  Marine x2  
  65  12:57  Marine x2  
  61  13:15  Marine x2  
  57  13:33  Marine x2  
Show
View Real Time Build Order
Export as new Build Order

maykol Zerg 

Build Orders: Pool First, Swarm Host 

Get SALT Encoding   

  12  0:03  Drone  
  13  0:15  Extractor, Drone  
  13  0:32  Overlord  
  13  0:33  Drone  
  14  0:51  Spawning Pool  
  14  0:52  Drone  
  14  1:10  Drone  
  14  1:11  Drone x2  
  17  1:36  Hatchery  
  16  1:46  Queen  
  18  1:52  Zergling x2  
  19  1:55  Zergling x2  
  19  1:58  Zergling x2  
  21  2:25  Zergling x2  
  21  2:27  Overlord  
  22  2:39  Metabolic Boost  
  22  2:41  Lair  
  22  2:47  Zergling x4  
  24  2:57  Roach Warren  
  23  2:59  Drone  
  23  3:04  Drone  
  25  3:16  Queen  
  27  3:24  Drone x2  
  29  3:52  Roach x2  
  29  3:53  Roach  
  35  4:03  Overlord x3  
  35  4:12  Glial Reconstitution  
  35  4:47  Roach x3  
  35  4:48  Roach x2  
  45  5:07  Extractor  
  44  5:08  Drone x3  
  47  5:28  Hatchery  
  46  5:31  Tunneling Claws  
  46  5:41  Drone x3  
  49  5:57  Spine Crawler  
  49  6:02  Evolution Chamber  
  47  6:16  Drone  
  47  6:17  Drone x2  
  50  6:20  Overlord  
  50  6:21  Overlord  
  50  6:31  Drone x3  
  53  6:42  Ravager x5  
  58  6:47  Queen  
  58  6:48  Drone  
  61  7:07  Overseer  
  61  7:16  Zerg Melee Weapons Level 1  
  61  7:27  Baneling Nest  
  60  7:35  Extractor  
  59  7:46  Drone x3  
  62  8:04  Roach x5  
  72  8:22  Spore Crawler  
  71  8:30  Infestation Pit  
  70  8:35  Drone x3  
  70  8:36  Drone  
  74  9:10  Baneling x5  
  74  9:11  Baneling x6, Zerg Missile Weapons Level 1  
  74  9:12  Baneling  
  74  9:24  Swarm Host x2  
  74  9:27  Overlord x3  
  74  9:29  Overlord  
  80  9:45  Hive  
  80  9:53  Centrifical Hooks  
  80  9:59  Drone x3  
  83  10:04  Drone x3  
  86  10:07  Swarm Host x3  
  95  10:17  Swarm Host  
  61  11:30  Roach x3  
  42  12:09  Roach x4  
  42  12:10  Roach x3  
Show
View Real Time Build Order
Export as new Build Order

Rafavg Terran 

Build Orders:  

Get SALT Encoding   

  12  0:12  Supply Depot  
  12  0:38  Supply Depot  
  12  0:45  Barracks, SCV  
  13  0:57  SCV  
  13  1:04  Refinery  
  14  1:37  Marine  
  15  1:55  Marine  
  15  1:56  Refinery  
  15  1:57  SCV  
  17  2:09  SCV  
  17  2:13  Marine  
  19  2:21  SCV  
  20  2:31  Marine  
  20  2:33  SCV  
  22  2:38  Engineering Bay  
  22  2:45  SCV  
  22  2:47  Factory  
  22  2:49  Marine  
  24  3:05  Barracks  
  24  3:14  Barracks Tech Lab  
  24  3:35  Missile Turret  
  24  4:13  Factory Tech Lab  
  24  4:18  SCV  
  24  4:22  Barracks Reactor, Command Center  
  25  4:27  Marauder  
  25  4:30  SCV  
  28  4:38  Siege Tank  
  31  5:00  Supply Depot  
  31  5:21  SCV  
  31  5:22  Marauder  
  31  5:28  Marine x2  
  35  5:34  Siege Tank  
  39  5:43  Marauder  
  39  5:46  Marine x2  
  43  6:04  Marine x2, Reaper  
  44  6:07  SCV, Siege Tank  
  50  6:19  SCV  
  50  6:21  Marine  
  50  6:22  Marine  
  53  6:31  SCV  
  54  6:40  Supply Depot  
  54  6:42  Supply Depot  
  54  6:43  Terran Infantry Weapons Level 1  
  54  7:01  Marine  
  54  7:02  SCV  
  56  7:20  Marauder  
  58  7:41  Marauder  
  60  8:02  Marine  
  60  8:22  Reaper  
  61  8:33  Refinery  
  61  8:45  Starport  
  61  8:54  Reaper  
  62  9:51  Viking  
  64  10:21  Viking  
  61  10:51  Viking  
  39  11:17  Marine  
  40  11:21  Viking  
  40  11:22  Marine x2  
  40  11:27  Siege Tank  
  43  11:34  Marine  
  41  11:40  Marine x2  
  40  11:51  Viking  
  40  11:52  Marine  
  43  11:57  Marine  
  43  11:58  Marine  
  43  11:59  Siege Tank  
  48  12:10  Marine  
  48  12:15  Marine x2  
  47  12:21  Viking  
  51  12:28  Marine  
  52  12:32  Siege Tank  
  52  12:33  Marine x2  
  57  12:46  Reaper  
  50  12:53  Marine  
  50  12:54  Marine  
  50  12:55  Viking  
  27  13:14  Marine x2  
Show
View Real Time Build Order
Export as new Build Order

ApoEXE Zerg 

Build Orders: Pool First, Lurkers 

Get SALT Encoding   

  12  0:01  Drone  
  13  0:08  Drone  
  14  0:20  Overlord  
  14  0:23  Extractor  
  14  0:24  Drone  
  14  0:40  Spawning Pool  
  13  0:55  Drone x3  
  16  1:08  Drone  
  17  1:13  Extractor  
  17  1:18  Drone  
  17  1:31  Spine Crawler  
  16  1:33  Drone  
  16  1:38  Zergling x2  
  18  1:40  Queen  
  20  1:52  Drone  
  20  1:54  Spine Crawler  
  20  2:01  Zergling x2  
  21  2:07  Metabolic Boost  
  21  2:11  Drone  
  22  2:22  Overlord  
  22  2:30  Lair  
  22  2:35  Overlord  
  22  2:47  Drone  
  23  2:53  Drone, Spine Crawler  
  23  3:00  Drone x2  
  25  3:08  Evolution Chamber  
  25  3:10  Drone  
  25  3:38  Drone x3  
  27  3:51  Zerg Missile Weapons Level 1  
  27  3:52  Drone  
  28  3:58  Hydralisk Den  
  28  4:00  Drone  
  28  4:07  Hatchery  
  27  4:11  Drone  
  28  4:22  Infestation Pit  
  28  4:24  Drone  
  28  4:35  Drone x3  
  31  4:41  Grooved Spines  
  31  4:44  Drone  
  33  4:52  Drone  
  33  5:01  Spore Crawler  
  33  5:05  Spore Crawler  
  31  5:08  Spine Crawler  
  31  5:13  Drone x2  
  32  5:21  Hive  
  32  5:24  Drone  
  33  5:32  Drone x2  
  35  5:43  Spore Crawler  
  34  5:50  Spore Crawler  
  34  5:51  Drone  
  34  5:52  Drone  
  34  5:53  Muscular Augments  
  34  5:54  Spine Crawler  
  34  5:57  Hydralisk  
  34  5:59  Drone  
  34  6:01  Drone  
  38  6:11  Hydralisk  
  40  6:19  Drone x2  
  42  6:27  Overlord  
  42  6:36  Hatchery  
  42  6:38  Hydralisk  
  43  6:50  Overseer  
  43  6:51  Hydralisk  
  43  6:52  Hydralisk  
  47  6:54  Pneumatized Carapace  
  47  6:56  Zerg Missile Weapons Level 2  
  47  7:02  Drone  
  48  7:10  Drone x3  
  48  7:12  Overlord  
  48  7:13  Overlord  
  51  7:38  Lurker Den  
  51  7:39  Hydralisk x2  
  54  7:48  Drone x2  
  54  7:49  Drone  
  57  7:51  Overseer  
  57  7:57  Extractor  
  56  8:03  Extractor  
  55  8:07  Spore Crawler  
  54  8:20  Drone x2  
  54  8:24  Spore Crawler  
  55  8:31  Drone x2  
  55  8:32  Drone  
  58  8:43  Hydralisk x2  
  58  8:44  Hydralisk  
  58  8:46  Adaptive Talons  
  64  8:56  Drone  
  64  9:00  Drone  
  64  9:01  Drone x5  
  71  9:10  Spine Crawler  
  71  9:12  Hydralisk  
  72  9:21  Lurker  
  73  9:29  Overlord x2  
  73  9:52  Spore Crawler  
  73  9:56  Drone x3, Spore Crawler  
  73  9:59  Hydralisk x3  
  76  10:03  Drone x3  
  76  10:06  Extractor  
  82  10:08  Hydralisk  
  84  10:17  Lurker x4  
  88  10:56  Lurker  
  88  11:10  Hydralisk x3  
  86  11:20  Hydralisk x2  
  86  11:21  Hydralisk  
  86  11:32  Hydralisk x2  
  79  11:37  Hydralisk  
  53  11:50  Hydralisk  
  18  12:24  Drone x3  
  12  13:01  Drone  
  12  13:02  Drone  
  14  13:08  Hatchery  
  13  13:12  Hatchery  
  13  13:16  Hatchery  
Tags
 
Add a new tag
Caveats
  • Supply blocks, unpowered buildings, or Contaminate may cause inaccurate times.
  • Supply counts are checked every 10 seconds.